 Dungeon Crawl Stone Soup version 0.25.1-2-g60ff931df9 (webtiles) character file.

Game seed: 18272675141294250745

85 hawla the Conjurer (level 4, 0/32 HPs)
             Began as a Human Conjurer on Nov 9, 2020.
             Hit by a stone thrown by an orc (2 damage)
             ... on level 2 of the Dungeon.
             The game lasted 00:06:31 (2726 turns).

hawla the Conjurer (Human Conjurer)                 Turns: 2726, Time: 00:06:32

Health: 0/32       AC:  2    Str: 15    XL:     4   Next: 75%
Magic:  0/8        EV: 12    Int: 16    God:
Gold:   156        SH:  0    Dex: 13    Spells: 1/8 levels left

rFire    + . .     SeeInvis .   (no weapon)
rCold    + . .     Gourm    .   (no shield)
rNeg     . . .     Faith    .   a - +0 robe
rPois    +         Spirit   .   (no helmet)
rElec    +         Reflect  .   (no cloak)
rCorr    +         Harm     .   (no gloves)
MR       .....     NoTele   +   (no boots)
Stlth    ++........             (no amulet)
HPRegen  0.10/turn              p - +6 ring of strength
MPRegen  0.11/turn              (no ring)

@: resistant, cannot translocate, very slightly contaminated, hasted, very quick
A: no striking features
a: no special abilities


You were on level 2 of the Dungeon.
You were hungry.

You visited 1 branch of the dungeon, and saw 2 of its levels.

You collected 156 gold pieces.

Inventory:

Missiles
 h - 25 poisoned darts (quivered)
Armour
 a - a +0 robe (worn)
Jewellery
 p - a +6 ring of strength (left hand)
Scrolls
 d - a scroll of enchant weapon {unknown}
 e - 2 scrolls of magic mapping
 l - a scroll of blinking {unknown}
 o - a scroll of immolation {unknown}
Potions
 i - a potion of curing {unknown}
 j - a potion of heal wounds {unknown}
 k - a potion of mutation {unknown}
 m - 2 potions of might {unknown}
 n - a potion of berserk rage {unknown}
 q - a potion of ambrosia {unknown}
Comestibles
 c - 4 rations
 f - 5 chunks of flesh


   Skills:
 + Level 1.1 Fighting
 + Level 2.0 Dodging
 + Level 2.2 Stealth
 + Level 2.8 Spellcasting
 + Level 4.9 Conjurations


You had one spell level left.
You knew the following spells:

 Your Spells              Type           Power        Failure   Level  Hunger
a - Magic Dart            Conj           ###.         2%          1    #......
b - Searing Ray           Conj           ###...       3%          2    ##.....
c - Iskenderun's Mystic   Conj/Tloc      ##......     56%         4    #####..

Your spell library contained the following spells:

 Spells                   Type           Power        Failure   Level  Hunger
 Dazzling Flash           Conj/Hex       ##....       21%         3    ###....
 Fulminant Prism          Conj/Hex       ##........   56%         4    #####..


Dungeon Overview and Level Annotations

Branches:
Dungeon (2/15)

Altars:
Fedhas
Okawaru


Message History

You are very lightly contaminated with residual magic.
The world appears momentarily distorted.
You are feeling hungry.
The goblin closely misses you.
Casting: Iskenderun's Mystic Blast (potentially lethal; 56% risk of failure)
Confirm with . or Enter, or press ? or * to list all spells.
The spell is potentially lethal to cast (56% risk of failure)!
Continue anyway?
You miscast Iskenderun's Mystic Blast.
You are caught in a violent explosion!
* * * LOW HITPOINT WARNING * * *
The goblin hits you but does no damage. The orc closely misses you.
The goblin throws a stone.
The stone hits you.
* * * LOW HITPOINT WARNING * * *
You see here 3 stones.
It was a potion of resistance.
You feel protected.
It was a potion of haste.
You feel yourself speed up. The orc barely misses you.
Okay, then.
The orc throws a stone.
The stone hits you.
You die...

.....##.###.# #.....# #####
#...........# #...### #
####.##.#############...#.#######
.###.##...^,,......w....#........
.....################.#.#.#######
..##.# #.#.#.#* #####.#...####
#.##.#*#≈≈≈≈g≈###............#
<..#..*_.....go(#............#
#..#.###≈≈≈≈≈g#.@[...........####
#..#.# ##.#.#.###................
.....########## #...........)###.
..#..#....#...# #............PP..
..........#...# #...........P.PPP
....>.....#...# #...........PP_PP
..........#...# #####.######(PPPP
..........#...#######.######.PPP.
.....÷....'...............[......


You could see a gnoll, an orc and a goblin.

Vanquished Creatures
  4 adders (D:2)
  A worm (D:2)
  A dart slug (D:1)
  A leopard gecko (D:1)
  5 bats
  2 giant cockroaches
  3 hobgoblins
  2 jackals (D:2)
  4 kobolds
  6 frilled lizards
  9 goblins
  8 rats
46 creatures vanquished.

Notes
Turn   | Place    | Note
-------+----------+-------------------------------------------
     0 | D:1      | hawla the Human Conjurer began the quest for the Orb.
     0 | D:1      | Reached XP level 1. HP: 13/13 MP: 3/3
   378 | D:1      | Reached XP level 2. HP: 19/19 MP: 3/5
  1013 | D:1      | Reached XP level 3. HP: 25/25 MP: 3/6
  1460 | D:2      | Learned a level 2 spell: Searing Ray
  1522 | D:2      | Found a blossoming altar of Fedhas.
  2027 | D:2      | Reached XP level 4. HP: 24/31 MP: 0/7
  2037 | D:2      | Learned a level 4 spell: Iskenderun's Mystic Blast
  2465 | D:2      | Reached skill level 1 in Fighting
  2720 | D:2      | Found an iron altar of Okawaru.
  2723 | D:2      | HP: 1/32 [goblin/stone (1)]
  2726 | D:2      | Hit by a stone thrown by an orc

Illustrated notes

Levels and vault maps discovered:
D:1:      mrwooster_arrival_statue_2, layout_loops_ring
D:2:      layout_basic, okawaru_altar_gauntlet_db, fedhas_altar_3

Skill      XL: |  1  2  3  4 |
---------------+-------------+-----
Fighting       | 1 |  1.1
Dodging        | |  2.0
Stealth        | |  2.2
Spellcasting   | |  2.8
Conjurations   | |  4.9

Action                   |  1- 3 |  4- 6 || total
-------------------------+-------+-------++-------
Melee: Unarmed           |    48 |       ||    48
 Cast: Magic Dart        |    73 |    19 ||    92
       Searing Ray       |     3 |     3 ||     6
  Use: Scroll            |     3 |       ||     3
       Potion            |       |     2 ||     2
  Eat: Chunk             |     5 |     2 ||     7
Armor: Robe              |     7 |     4 ||    11
Dodge: Dodged            |    39 |     6 ||    45
